SL
LAS VEGAS FLAMINGOS @ NORTHERN VIRGINIA RETRIEVERS
06/14/2020
 
TOP OF THE 1ST
Las Vegas Flamingos batting - Pitching for Northern Virginia Retrievers : RHP Javier Mora
Pitching: RHP Javier Mora
Batting: RHB Travis Newsome 0-0: Ball
1-0: Called Strike
1-1: Called Strike
1-2: Ball
2-2: Foul Ball, location: 2F
2-2: Strikes out swinging
Batting: LHB José Meléndez 0-0: Ball
1-0: Ground out U3 (Groundball, 3)
Batting: RHB Bill Taylor 0-0: Foul Ball, location: 2F
0-1: Ball
1-1: Foul Ball, location: 2F
1-2: Foul Ball, location: 2F
1-2: Ball
2-2: Strikes out swinging, 2-3 out at first.
Top of the 1st over - 0 run(s), 0 hit(s), 0 error(s), 0 left on base; Las Vegas 0 - Northern Virginia 0
BOTTOM OF THE 1ST
Northern Virginia Retrievers batting - Pitching for Las Vegas Flamingos : RHP Culley Sandoval
Pitching: RHP Culley Sandoval
Batting: LHB Vance Cannon 0-0: Ground out 4-3 (Groundball, 4)
Batting: RHB Iván Pérez 0-0: Ball
1-0: Ball
2-0: Called Strike
2-1: Ball
3-1: Called Strike
3-2: Base on Balls
Batting: LHB Roberto Salazar 0-0: Grounds into double play, 4-6-3 (Groundball, 4)
Bottom of the 1st over - 0 run(s), 0 hit(s), 0 error(s), 0 left on base; Las Vegas 0 - Northern Virginia 0
TOP OF THE 2ND
Las Vegas Flamingos batting - Pitching for Northern Virginia Retrievers : RHP Javier Mora
Batting: RHB Jeff Young 0-0: Ball
1-0: Swinging Strike
1-1: Foul Ball, location: 2F
1-2: Ground out 6-3 (Groundball, 6M)
Batting: RHB Matt Sheppard 0-0: Called Strike
0-1: Foul Ball, location: 2F
0-2: Strikes out swinging
Batting: LHB Ron Goodwin 0-0: Called Strike
0-1: Foul Ball, location: 2F
0-2: Ball
1-2: Fly out, F7 (Flyball, 7S)
Top of the 2nd over - 0 run(s), 0 hit(s), 0 error(s), 0 left on base; Las Vegas 0 - Northern Virginia 0
BOTTOM OF THE 2ND
Northern Virginia Retrievers batting - Pitching for Las Vegas Flamingos : RHP Culley Sandoval
Batting: RHB José Rodríguez 0-0: Swinging Strike
0-1: Foul Ball, location: 2F
0-2: Ball
1-2: Ball
2-2: Ball
3-2: DOUBLE (Groundball, 3D)
Batting: LHB Munemori Ohara 0-0: Swinging Strike
0-1: Ball
1-1: Swinging Strike
1-2: Strikes out swinging
Batting: RHB Donald Stanley 0-0: Ball
1-0: Foul Ball, location: 2F
1-1: Ball
2-1: Ball
3-1: Foul Ball, location: 2F
3-2: Foul Ball, location: 2F
3-2: Strikes out looking
Batting: RHB Carl Good 0-0: Called Strike
0-1: Ball
1-1: Called Strike
1-2: Strikes out looking
Bottom of the 2nd over - 0 run(s), 1 hit(s), 0 error(s), 1 left on base; Las Vegas 0 - Northern Virginia 0
TOP OF THE 3RD
Las Vegas Flamingos batting - Pitching for Northern Virginia Retrievers : RHP Javier Mora
Batting: RHB Steven Talley 0-0: Called Strike
0-1: Ball
1-1: Called Strike
1-2: Strikes out swinging
Batting: RHB Terry Sylvester 0-0: Ball
1-0: Fly out, F6 (Line Drive, 6M)
Batting: RHB Culley Sandoval 0-0: Swinging Strike
0-1: Foul Ball, location: 2F
0-2: Foul Ball, location: 2F
0-2: Fly out, F9 (Flyball, 89S)
Top of the 3rd over - 0 run(s), 0 hit(s), 0 error(s), 0 left on base; Las Vegas 0 - Northern Virginia 0
BOTTOM OF THE 3RD
Northern Virginia Retrievers batting - Pitching for Las Vegas Flamingos : RHP Culley Sandoval
Batting: RHB Harris Harden 0-0: Ball
1-0: Swinging Strike
1-1: Swinging Strike
1-2: Reached on error, E5 (Groundball, 56)
Batting: RHB Javier Mora 0-0: Bunted foul
0-1: Ball
1-1: Sac Bunt - play at first, batter OUT! 1-4
Harris Harden to third
Batting: LHB Vance Cannon 0-0: Foul Ball, location: 2F
0-1: Swinging Strike
0-2: Ball
1-2: Ball
2-2: Ball
Wild Pitch!
Harris Harden scores
3-2: Strikes out looking
Batting: RHB Iván Pérez 0-0: Called Strike
0-1: Ground out 6-3 (Groundball, 6)
Bottom of the 3rd over - 1 run(s), 0 hit(s), 1 error(s), 0 left on base; Las Vegas 0 - Northern Virginia 1
TOP OF THE 4TH
Las Vegas Flamingos batting - Pitching for Northern Virginia Retrievers : RHP Javier Mora
Batting: RHB Travis Newsome 0-0: Called Strike
0-1: Foul Ball, location: 2F
0-2: Ball
1-2: Ball
2-2: Strikes out swinging
Batting: LHB José Meléndez 0-0: Called Strike
0-1: Called Strike
0-2: Ball
1-2: Strikes out swinging
Batting: RHB Bill Taylor 0-0: Ball
1-0: Ball
2-0: Called Strike
2-1: Foul Ball, location: 2F
2-2: Strikes out looking
Top of the 4th over - 0 run(s), 0 hit(s), 0 error(s), 0 left on base; Las Vegas 0 - Northern Virginia 1
BOTTOM OF THE 4TH
Northern Virginia Retrievers batting - Pitching for Las Vegas Flamingos : RHP Culley Sandoval
Batting: LHB Roberto Salazar 0-0: Ball
1-0: Ball
2-0: Called Strike
2-1: Ball
3-1: Base on Balls
Batting: RHB José Rodríguez 0-0: Ball
Roberto Salazar steals 2nd base
1-0: 2-RUN HOME RUN (Line Drive, 7D), Distance : 389 ft
Batting: LHB Munemori Ohara 0-0: Called Strike
0-1: Called Strike
0-2: Strikes out swinging
Batting: RHB Donald Stanley 0-0: Ball
1-0: Foul Ball, location: 2F
1-1: Foul Ball, location: 2F
1-2: Foul Ball, location: 2F
1-2: Ball
2-2: Hit by Pitch
Batting: RHB Carl Good 0-0: Ball
1-0: Ball
2-0: Foul Ball, location: 2F
2-1: Foul Ball, location: 2F
2-2: Foul Ball, location: 2F
2-2: Grounds into double play, 6-4-3 (Groundball, 6)
Bottom of the 4th over - 2 run(s), 1 hit(s), 0 error(s), 0 left on base; Las Vegas 0 - Northern Virginia 3
TOP OF THE 5TH
Las Vegas Flamingos batting - Pitching for Northern Virginia Retrievers : RHP Javier Mora
Batting: RHB Jeff Young 0-0: Swinging Strike
0-1: Ground out 5-3 (Groundball, 5S)
Batting: RHB Matt Sheppard 0-0: Reached on error, E4 (Groundball, 34)
Batting: LHB Ron Goodwin 0-0: Ball
1-0: Called Strike
1-1: Swinging Strike
1-2: Ball
2-2: Ball
3-2: Base on Balls
Batting: RHB Steven Talley 0-0: Called Strike
0-1: Foul Ball, location: 2F
0-2: Ball
1-2: Strikes out swinging
Batting: RHB Terry Sylvester 0-0: Foul Ball, location: 2F
0-1: Called Strike
0-2: Ball
1-2: Ball
2-2: Strikes out swinging
Top of the 5th over - 0 run(s), 0 hit(s), 1 error(s), 2 left on base; Las Vegas 0 - Northern Virginia 3
BOTTOM OF THE 5TH
Northern Virginia Retrievers batting - Pitching for Las Vegas Flamingos : RHP Culley Sandoval
Batting: RHB Harris Harden 0-0: Swinging Strike
0-1: Ball
1-1: Ball
2-1: Fly out, F8 (Flyball, 8LM)
Batting: RHB Javier Mora 0-0: Ball
1-0: Swinging Strike
1-1: Called Strike
1-2: Foul Ball, location: 2F
1-2: Foul Ball, location: 2F
1-2: Ball
2-2: Strikes out swinging
Batting: LHB Vance Cannon 0-0: Swinging Strike
0-1: Ball
1-1: Ball
2-1: Foul Ball, location: 2F
2-2: Strikes out swinging
Bottom of the 5th over - 0 run(s), 0 hit(s), 0 error(s), 0 left on base; Las Vegas 0 - Northern Virginia 3
TOP OF THE 6TH
Las Vegas Flamingos batting - Pitching for Northern Virginia Retrievers : RHP Javier Mora
Batting: RHB Culley Sandoval 0-0: Ground out 6-3 (Groundball, 6)
Batting: RHB Travis Newsome 0-0: Called Strike
0-1: Ball
1-1: Foul Ball, location: 2F
1-2: Ball
2-2: Ground out 6-3 (Groundball, 6M)
Batting: LHB José Meléndez 0-0: Ball
1-0: Foul Ball, location: 2F
1-1: Called Strike
1-2: Ball
2-2: Fly out, F8 (Flyball, 8RM)
Top of the 6th over - 0 run(s), 0 hit(s), 0 error(s), 0 left on base; Las Vegas 0 - Northern Virginia 3
BOTTOM OF THE 6TH
Northern Virginia Retrievers batting - Pitching for Las Vegas Flamingos : RHP Culley Sandoval
Batting: RHB Iván Pérez 0-0: Called Strike
0-1: Ball
1-1: Called Strike
1-2: Ball
2-2: Ball
3-2: Ground out 4-3 (Groundball, 4)
Batting: LHB Roberto Salazar 0-0: Called Strike
0-1: Ball
1-1: Ball
2-1: Ball
3-1: Base on Balls
Batting: RHB José Rodríguez 0-0: Ball
1-0: Foul Ball, location: 2F
1-1: Ball
2-1: SINGLE (Groundball, 4MD)
Roberto Salazar to second
Runner from 2nd tries for 3rd, SAFE, throw made to third
Batting: LHB Munemori Ohara 0-0: Swinging Strike
0-1: Swinging Strike
0-2: Strikes out swinging
Batting: RHB Donald Stanley 0-0: 3-RUN HOME RUN (Flyball, 78XD), Distance : 427 ft
Batting: RHB Carl Good 0-0: Called Strike
0-1: Ball
1-1: Swinging Strike
1-2: Ground out 1-3 (Groundball, 13S)
Bottom of the 6th over - 3 run(s), 2 hit(s), 0 error(s), 0 left on base; Las Vegas 0 - Northern Virginia 6
TOP OF THE 7TH
Las Vegas Flamingos batting - Pitching for Northern Virginia Retrievers : RHP Javier Mora
Batting: RHB Bill Taylor 0-0: Called Strike
0-1: Ball
1-1: Foul Ball, location: 2F
1-2: Strikes out looking
Batting: RHB Jeff Young 0-0: Ground out 6-3 (Groundball, 6M)
Batting: RHB Matt Sheppard 0-0: Called Strike
0-1: Called Strike
0-2: Ball
1-2: Ground out 6-3 (Groundball, 6)
Top of the 7th over - 0 run(s), 0 hit(s), 0 error(s), 0 left on base; Las Vegas 0 - Northern Virginia 6
BOTTOM OF THE 7TH
Northern Virginia Retrievers batting - Pitching for Las Vegas Flamingos : RHP Culley Sandoval
Pitching: RHP Carlos Rúbio
Batting: RHB Harris Harden 0-0: Foul Ball, location: 2F
0-1: Swinging Strike
0-2: Foul Ball, location: 2F
0-2: Ball
1-2: Ground out 6-3 (Groundball, 6)
Batting: RHB Javier Mora 0-0: Ball
1-0: SINGLE (Groundball, 25) (infield hit)
Batting: LHB Vance Cannon 0-0: Called Strike
0-1: Ball
1-1: Ball
Wild Pitch!
Javier Mora to second
2-1: Ball
3-1: Base on Balls
Batting: RHB Iván Pérez 0-0: Called Strike
0-1: Ground out 5-3 (Groundball, 5S)
Javier Mora to third
Vance Cannon to second
Batting: LHB Roberto Salazar 0-0: Called Strike
0-1: Called Strike
0-2: Foul Ball, location: 2F
0-2: Fly out, F7 (Flyball, 8LM)
Bottom of the 7th over - 0 run(s), 1 hit(s), 0 error(s), 2 left on base; Las Vegas 0 - Northern Virginia 6
TOP OF THE 8TH
Las Vegas Flamingos batting - Pitching for Northern Virginia Retrievers : RHP Javier Mora
Now at 3B: Micheal Murdoch
Batting: LHB Ron Goodwin 0-0: Ball
1-0: Foul Ball, location: 2F
1-1: Foul Ball, location: 2F
1-2: SINGLE (Groundball, 34D)
Batting: RHB Steven Talley 0-0: Fly out, F8 (Flyball, 8LXD)
Batting: RHB Terry Sylvester 0-0: Called Strike
0-1: Ball
1-1: Fielders Choice at 2nd, 2-6 (Groundball, 2R)
Now at SS: Gustavo Fuentes
Pinch Hitting: RHB Floyd Mitchell 0-0: Fly out, F8 (Flyball, 8RM)
Top of the 8th over - 0 run(s), 1 hit(s), 0 error(s), 1 left on base; Las Vegas 0 - Northern Virginia 6
BOTTOM OF THE 8TH
Northern Virginia Retrievers batting - Pitching for Las Vegas Flamingos : RHP Carlos Rúbio
Pitching: LHP Cody Brown
Batting: RHB José Rodríguez 0-0: Fly out, F3 (Line Drive, 3)
Batting: LHB Munemori Ohara 0-0: Ball
1-0: DOUBLE (Line Drive, 9LD)
Batting: RHB Donald Stanley 0-0: Called Strike
0-1: Ball
1-1: Ground out 6-3 (Groundball, 6)
Batting: RHB Carl Good 0-0: Ball
1-0: Ball
2-0: Ground out 1-3 (Groundball, 13S)
Bottom of the 8th over - 0 run(s), 1 hit(s), 0 error(s), 1 left on base; Las Vegas 0 - Northern Virginia 6
TOP OF THE 9TH
Las Vegas Flamingos batting - Pitching for Northern Virginia Retrievers : RHP Javier Mora
Batting: RHB Travis Newsome 0-0: Ball
1-0: Ball
2-0: Swinging Strike
2-1: Called Strike
2-2: Strikes out looking
Batting: LHB José Meléndez 0-0: Called Strike
0-1: Foul Ball, location: 2F
0-2: Ball
1-2: Ball
2-2: Strikes out swinging
Batting: RHB Bill Taylor 0-0: Ball
1-0: SINGLE (Groundball, 56D)
Batting: RHB Jeff Young 0-0: Ball
1-0: Swinging Strike
1-1: Swinging Strike
1-2: Ball
2-2: Strikes out swinging
Top of the 9th over - 0 run(s), 1 hit(s), 0 error(s), 1 left on base; Las Vegas 0 - Northern Virginia 6
This league is powered by Out of the Park Baseball, the baseball management simulation game for PC, Mac and Linux
Friday, October 23rd, 2015 - OOTP Baseball 16.9 Build 39